 Dungeon Crawl Stone Soup version 0.23.0 (webtiles) character file.

Game seed: 12993358932729456020

92 Folque the Digger (level 4, -1/36 HPs)
             Began as a Draconian Earth Elementalist on Feb 18, 2019.
             Killed by nerve-wracking pain
             ... invoked by Grinder
              (13 damage)
             ... on level 3 of the Dungeon.
             The game lasted 00:10:26 (3165 turns).

Folque the Digger (Draconian Earth Elementalist)    Turns: 3165, Time: 00:10:26

Health: -1/36      AC:  6    Str: 10    XL:     4   Next: 35%
Magic:  0/8        EV: 12    Int: 16    God:
Gold:   188        SH:  0    Dex: 12    Spells: 2/8 levels left

rFire    + . .     SeeInvis .   u - +0 rapier
rCold    + . .     Gourm    .   (no shield)
rNeg     . . .     Faith    .   (armour unavailable)
rPois    +         Spirit   .   (helmet restricted)
rElec    +         Reflect  .   (no cloak)
rCorr    +         Harm     .   q - +0 pair of gloves
MR       .....                  (no boots)
Stlth    ++........             (no amulet)
HPRegen  0.12/turn              (no ring)
MPRegen  0.11/turn              (no ring)

@: resistant, very slightly contaminated
A: unfitting armour, cold-blooded, AC +5
a: no special abilities


You were on level 3 of the Dungeon.
You were very hungry.

You visited 1 branch of the dungeon, and saw 3 of its levels.

You collected 188 gold pieces.

Inventory:

Hand Weapons
 e - a +0 dagger
 m - a +0 falchion
 n - a +2 short sword of freezing
 u - a +0 rapier (weapon)
Missiles
 b - 98 stones (quivered)
 o - a throwing net
Armour
 q - a +0 pair of gloves (worn)
Jewellery
 d - an uncursed amulet of faith
Scrolls
 f - a scroll of enchant weapon {unknown}
 h - a scroll of magic mapping
 j - a scroll of fear {unknown}
 k - 2 scrolls of blinking {unknown}
 l - a scroll of amnesia {unknown}
 p - a scroll of immolation {unknown}
 s - 3 scrolls of identify
 v - a scroll of remove curse {unknown}
Potions
 a - a potion of degeneration {unknown}
 i - a potion of lignification {unknown}
 t - a potion of might {unknown}
Comestibles
 c - 4 rations


   Skills:
 - Level 2.0 Fighting
 - Level 1.7 Dodging
 - Level 1.7 Stealth
 * Level 2.8 Spellcasting
 * Level 0.5 Conjurations
 - Level 1.0 Transmutations
 + Level 4.0 Earth Magic


You had 2 spell levels left.
You knew the following spells:

 Your Spells              Type           Power        Failure   Level  Hunger
a - Sandblast             Erth           ###...       3%          1    #......
b - Passwall              Tmut/Erth      ##......     10%         2    ##.....
c - Stone Arrow           Conj/Erth      #.....       22%         3    ###....

Your spell library contained the following spells:

 Spells                   Type           Power        Failure   Level  Hunger
 Petrify                  Tmut/Erth      ##......     54%         4    #####..
 Lee's Rapid Deconstruct  Erth           ###.......   69%         5    ######.


Dungeon Overview and Level Annotations

Branches:
Dungeon (3/15)

Altars:
Fedhas
Ru
Vehumet

Annotations:
D:3 Grinder


Innate Abilities, Weirdness & Mutations

Your plain brown scales are hard. (AC +5)
You cannot fit into any form of body armour.
You are cold-blooded and may be slowed by cold attacks.


Message History

Casting: Stone Arrow (safe; 22% risk of failure)
Confirm with . or Enter, or press ? or * to list all spells.
Aiming: Sandblast (safe; 3% risk of failure)
Press: ? - help, Shift-Dir - straight line, f/p - Grinder
Aim: Grinder (severely wounded)
The blast of sand hits Grinder.
Grinder is almost dead.
b - 98 stones You hit Grinder but do no damage.
Grinder is severely wounded.
Grinder hits you but does no damage.
You barely miss Grinder.
Grinder is severely wounded.
Grinder barely misses you.
You barely miss Grinder.
Grinder is severely wounded.
Grinder blinks!
Grinder gestures at you. Pain shoots through your body!
You die...

.##5#.##.#.## *,,,,,*
#.###..#
....#.#.###.#########
#......#
.####.##.#.##.......#
#####.##
.##........##.......# #.#
.##.#......##.#####.#### #.#
......##...............####.#
###.....<..##.#####.##......#
###..###.####.#####.#########
.......>.# #..ยง@.5.#
###......# ######### ##.##.##
#....# ####..### ......#
#####.# * #.# * #.#


You could see Grinder.

Vanquished Creatures
  A gnoll (D:3)
  2 adders (D:3)
  An ooze (D:1)
  A worm (D:3)
  An orc (D:3)
  4 giant cockroaches
  6 hobgoblins
  3 jackals (D:3)
  7 kobolds
  A quokka (D:3)
  2 ball pythons
  5 bats
  6 frilled lizards
  10 goblins
  5 rats
  A fungus (D:1)
56 creatures vanquished.

Notes
Turn   | Place    | Note
-------+----------+-------------------------------------------
     0 | D:1      | Folque the Draconian Earth Elementalist began the quest for
                  | the Orb.
     0 | D:1      | Reached XP level 1. HP: 14/14 MP: 3/3
   447 | D:1      | Reached XP level 2. HP: 22/22 MP: 5/5
   454 | D:1      | Reached skill level 1 in Fighting
   461 | D:1      | Learned a level 2 spell: Passwall
  1060 | D:2      | Reached XP level 3. HP: 26/28 MP: 4/6
  1106 | D:2      | Noticed a phantom
  1112 | D:2      | Learned a level 3 spell: Stone Arrow
  1625 | D:2      | Found a sacrificial altar of Ru.
  1883 | D:3      | Noticed Grinder
  1886 | D:3      | Paralysed by Grinder for 7 turns
  2698 | D:3      | Reached XP level 4. HP: 28/36 MP: 8/8
  2787 | D:3      | Found a blossoming altar of Fedhas.
  2787 | D:3      | Found a radiant altar of Vehumet.
  2846 | D:3      | Reached skill level 4 in Earth Magic
  2889 | D:3      | Paralysed by Grinder for 7 turns
  3154 | D:3      | Paralysed by Grinder for 5 turns
  3165 | D:3      | Killed from afar by Grinder

Skill      XL: |  1  2  3  4 |
---------------+-------------+-----
Fighting       | 1 2 |  2.0
Earth Magic    | 4 |  4.0
Dodging        | |  1.7
Stealth        | |  1.7
Spellcasting   | |  2.8
Conjurations   | |  0.5
Transmutations | |  1.0

Action                   |  1- 3 |  4- 6 || total
-------------------------+-------+-------++-------
Melee: Unarmed           |    61 |       ||    61
       Dagger            |    82 |       ||    82
       Tailslap          |    15 |     4 ||    19
       Rapier            |    35 |    29 ||    64
       Falchion          |    26 |       ||    26
 Cast: Sandblast         |    13 |     3 ||    16
       Stone Arrow       |     5 |     5 ||    10
       Passwall          |       |     2 ||     2
  Use: Potion            |     4 |     1 ||     5
       Scroll            |     2 |       ||     2
 Stab: Sleeping          |     3 |       ||     3
  Eat: Chunk             |     3 |     2 ||     5
       Ration            |     1 |       ||     1
Armor: Skin              |    48 |    18 ||    66
Dodge: Dodged            |   122 |    27 ||   149
       Rpst.: Falchion   |     8 |       ||     8
